 Dungeon Crawl Stone Soup version 0.26-a0-712-ga5a9c9c9d0 (webtiles) character file.

Game seed: 4816894560610884618

3832 Apogee the Slicer (level 10, -10/51 HPs)
             Began as a Vine Stalker Fighter on Nov 2, 2020.
             Was a Priest of Cheibriados.
             Mangled by an orc warrior
             ... wielding a +0 glaive
              (12 damage)
             ... on level 9 of the Dungeon.
             The game lasted 00:13:30 (6944 turns).

Apogee the Slicer (Vine Stalker Fighter)            Turns: 6944, Time: 00:13:30

Health: -10/51     AC: 14    Str: 30    XL:     10   Next: 18%
Magic:  0/11       EV:  8    Int: 16    God:    Cheibriados [***...]
Gold:   558        SH:  0    Dex: 22    Spells: 9/9 levels left

rFire    . . .     SeeInvis .   y - +2 dagger (elec)
rCold    . . .     Faith    .   (no shield)
rNeg     . . .     Spirit   +   E - +0 plate armour
rPois    .         Reflect  .   (no helmet)
rElec    .         Harm     .   (no cloak)
rCorr    .         Rampage  .   (no gloves)
MR       +....                  B - +0 pair of boots
Stlth    ..........             (no amulet)
HPRegen  0.57/turn              (no ring)
MPRegen  0.12/turn              (no ring)

@: studying Evocations, very slow
A: fangs 3, regeneration 1, magic shield, antimagic bite, no potion heal 3, rot
immunity
a: Bend Time, Temporal Distortion, Renounce Religion


You were on level 9 of the Dungeon.
You worshipped Cheibriados.
Cheibriados was most pleased with you.
You visited 2 branches of the dungeon, and saw 10 of its levels.

You collected 558 gold pieces.

Inventory:

Hand Weapons
 a - a +0 rapier
 j - a +1 short sword of electrocution
   (You took it off a kobold on level 1 of the Dungeon)
 y - a +2 dagger of electrocution (weapon)
   (You took it off an orc on level 6 of the Dungeon)
Missiles
 w - 8 curare-tipped darts (quivered) {!f}
Armour
 c - a +0 kite shield
 B - a +0 pair of boots (worn)
   (You found it on level 7 of the Dungeon)
 E - a +0 plate armour (worn)
   (You found it on level 8 of the Dungeon)
Wands
 d - a wand of iceblast (5)
   (You found it on level 3 of the Dungeon)
 C - a wand of polymorph (6)
   (You found it on level 7 of the Dungeon)
Scrolls
 b - 3 scrolls of enchant weapon {unknown}
 f - 5 scrolls of amnesia
 h - 5 scrolls of remove curse {@r2}
 i - 3 scrolls of magic mapping
 l - 3 scrolls of identify {@r1}
 n - 2 scrolls of enchant armour {unknown}
 s - a scroll of silence {unknown}
 A - a scroll of teleportation {unknown}
 D - a scroll of random uselessness {unknown}
Potions
 e - 3 potions of heal wounds {@q2}
 g - 5 potions of haste {@q3}
 k - a potion of mutation {unknown}
 m - 2 potions of flight {unknown}
 o - 6 potions of curing {unknown}
 p - 2 potions of might
 q - a potion of lignification {unknown}
 r - 3 potions of brilliance
 u - a potion of cancellation {unknown}
 v - a potion of stabbing {unknown}
 z - a potion of degeneration {unknown}
Books
 t - a manual of Evocations {!d}
   (You found it on level 4 of the Dungeon)


   Skills:
 - Level 5.0 Fighting
 + Level 9.6 Short Blades
 + Level 7.9 Armour
 - Level 2.6 Shields


You had 9 spell levels left.
You didn't know any spells.
Your spell library contained the following spells:

 Spells                   Type           Power        Failure   Level
 Confusing Touch          Hex            #.......     99%         3
 Gell's Gravitas          Tloc           #.........   99%         3
 Petrify                  Tmut/Erth      #.......     100%        4
 Metabolic Englaciation   Hex/Ice        #.........   100%        5
 Yara's Violent Unravell  Hex/Tmut       #.........   100%        5


Dungeon Overview and Level Annotations

Branches:
Dungeon (9/15)             Temple (1/1) D:4
   Lair: D:8-11         Orc: D:9-12

Altars:
Ashenzari
Cheibriados
Dithmenos
Elyvilon
Fedhas
Gozag
Hepliaklqana
Kikubaaqudgha
Makhleb
Nemelex Xobeh
Okawaru
Qazlal
Ru
Sif Muna
Trog
Uskayaw
Vehumet
Wu Jian
Xom
Yredelemnul
Zin
The Shining One

Annotations:
D:6 1 runed translucent door, Bliebski's ghost, novice OpTm
D:8 3 runed translucent doors, MrElk's ghost, novice DrAE


Innate Abilities, Weirdness & Mutations

You have razor-sharp teeth.
Your natural rate of healing is unusually fast.
When hurt, damage is shared between your health and your magic reserves.
Your bite disrupts and absorbs the magic of your enemies.
Potions cannot restore your health.
You are immune to rotting.


Message History

The bolt of acid misses the orc.
The bolt of acid hits the orc warrior.
The orc warrior is splashed with acid.
You hear an angry hiss.
Aim: a troll The bolt of acid hits the orc!
The orc is splashed with acid.
The acid corrodes the orc!
You kill the orc!
Cheibriados appreciates the change of pace.
The bolt of acid misses the orc.
The bolt of acid hits the troll!
The troll is splashed with acid!
The acid corrodes the troll!
Aim: an orc warrior, wielding a +0 glaive and wearing a +0 plate armour (moderately wounded)
The bolt of acid misses the orc.
The bolt of acid misses the orc warrior.
Okay, then.
Aim: a troll (heavily wounded, covered in acid)
The bolt of acid hits the orc!
The orc is splashed with acid.
The acid corrodes the orc!
You kill the orc!
Cheibriados appreciates the change of pace.
The bolt of acid misses the troll.
The now-empty wand crumbles to dust.
You hear an angry hiss.
You don't have any such object.
You don't have any such object.
Okay, then.
Unknown command.
Aim: an orc warrior, wielding a +0 glaive and wearing a +0 plate armour (moderately wounded)
The mass of ice explodes!
The iceblast engulfs the orc warrior.
The iceblast engulfs the troll!
The troll bites you.
* * * LOW HITPOINT WARNING * * *
The troll claws you.
* * * LOW HITPOINT WARNING * * *
The troll claws you but does no damage.
The orc warrior hits you from afar with a +0 glaive!
* * * LOW HITPOINT WARNING * * *
Aim: an orc warrior, wielding a +0 glaive and wearing a +0 plate armour (moderately wounded)
The mass of ice explodes!
The iceblast engulfs the orc warrior.
The iceblast engulfs the troll!
You kill the troll!
Cheibriados thoroughly appreciates the change of pace.
The orc warrior hits you from afar with a +0 glaive.
* * * LOW HITPOINT WARNING * * *
Okay, then.
Okay, then.
Okay, then.
Okay, then.
The orc warrior closely misses you.
You hit the orc warrior but do no damage.
Your bite misses the orc warrior.
The orc warrior hits you with a +0 glaive!
You die...

#####.###...... .#####.
..................#####)
............. ......)).
............ .........
.......)..# .........
..........# ..)......
#)l# ........# ##o##
........# #@.# ........#
##.## .........# #..#
... ##.# #.# #.## #.#
#..# #.# ##.# #.# ####
#.## #.# #... #..#
#.#####...


You could see an orc warrior and a leopard gecko.

Vanquished Creatures
  Pikel (D:8)
  A troll (D:9)
  Grinder (D:3)
  Sigmund (D:4)
  2 orc warriors
  2 sky beasts
  3 ogres
  A phantom (D:5)
  5 bullfrogs
  2 scorpions
  3 killer bees (D:8)
  4 howler monkeys
  A bullfrog zombie (D:5)
  5 hounds
  4 jellies
  9 orc priests
  3 centaur skeletons
  10 orc wizards
  Jessica (D:3)
  Natasha (thrice) (D:3)
  4 worker ants (D:4)
  2 hound skeletons
  13 adders
  3 white imps
  2 ufetubi
  An adder skeleton (D:8)
  4 worms
  A dart slug (D:2)
  4 leopard geckos
  29 orcs
  4 bats
  7 giant cockroaches
  6 goblins
  8 hobgoblins
  7 jackals
  4 quokkas
  3 frilled lizards
  A jackal zombie (D:3)
  14 kobolds
  A leopard gecko skeleton (D:6)
  7 rats
187 creatures vanquished.

Notes
Turn   | Place    | Note
-------+----------+-------------------------------------------
     0 | D:1      | Apogee the Vine Stalker Fighter began the quest for the
                  | Orb.
     0 | D:1      | Reached XP level 1. HP: 11/11 MP: 2/2
    77 | D:1      | Reached skill level 2 in Short Blades
   161 | D:1      | Reached XP level 2. HP: 10/16 MP: 1/3
   844 | D:1      | Reached XP level 3. HP: 20/20 MP: 4/4
  1226 | D:2      | Gained mutation: Your natural rate of healing is unusually
                  | fast. [Vine Stalker growth]
  1226 | D:2      | Reached XP level 4. HP: 19/25 MP: 5/5
  1256 | D:2      | Reached skill level 3 in Short Blades
  1702 | D:3      | Noticed Grinder
  1916 | D:3      | Found a snail-covered altar of Cheibriados.
  1942 | D:3      | Reached XP level 5. HP: 29/29 MP: 6/6
  1997 | D:3      | Found a broken altar of Ashenzari.
  1997 | D:3      | Noticed Natasha
  2003 | D:3      | Killed Natasha
  2075 | D:3      | Paralysed by Grinder for 5 turns
  2086 | D:3      | Killed Grinder
  2086 | D:3      | Reached skill level 4 in Short Blades
  2086 | D:3      | Reached XP level 6. HP: 20/35 MP: 2/7
  2135 | D:3      | Noticed Jessica
  2139 | D:3      | Killed Jessica
  2139 | D:3      | Reached skill level 5 in Fighting
  2211 | D:3      | Reached skill level 5 in Short Blades
  2213 | D:3      | Reached XP level 7. HP: 39/39 MP: 6/8
  2257 | D:3      | Noticed Natasha
  2270 | D:3      | Killed Natasha
  2288 | D:3      | Noticed Natasha
  2302 | D:3      | Killed Natasha
  2571 | D:4      | Reached skill level 6 in Short Blades
  2903 | D:4      | Found a sacrificial altar of Ru.
  3005 | D:4      | Reached skill level 7 in Short Blades
  3005 | D:4      | Gained mutation: You have razor-sharp teeth. [Vine Stalker
                  | growth]
  3005 | D:4      | Reached XP level 8. HP: 30/43 MP: 7/9
  3081 | D:4      | Found a staircase to the Ecumenical Temple.
  3091 | Temple   | Entered the Ecumenical Temple
  3360 | D:3      | Became a worshipper of Cheibriados the Contemplative
  3704 | D:4      | Noticed Sigmund
  3721 | D:4      | Killed Sigmund
  3721 | D:4      | Reached skill level 8 in Short Blades
  3807 | D:4      | Found an opulent altar of Gozag.
  4006 | D:5      | Entered Level 5 of the Dungeon
  4174 | D:5      | Found a hazy altar of Hepliaklqana.
  4177 | D:5      | Found a bloodstained altar of Trog.
  4180 | D:5      | Found a basalt altar of Yredelemnul.
  4446 | D:5      | Reached * piety under Cheibriados
  4466 | D:5      | Found a sparkling altar of Nemelex Xobeh.
  4475 | D:5      | Found an iron altar of Okawaru.
  4784 | D:6      | Found a runed translucent door.
  4784 | D:6      | Noticed Bliebski's ghost (novice OpTm)
  4859 | D:6      | Reached skill level 5 in Armour
  4859 | D:6      | Reached XP level 9. HP: 33/47 MP: 10/10
  4896 | D:6      | Found a broken altar of Ashenzari.
  5141 | D:6      | Found a glowing silver altar of Zin.
  5141 | D:6      | Found a shimmering altar of Xom.
  5141 | D:6      | Noticed an angel
  5897 | D:8      | Reached ** piety under Cheibriados
  5928 | D:8      | Noticed Pikel
  5938 | D:8      | Killed Pikel
  6156 | D:8      | Reached skill level 9 in Short Blades
  6197 | D:8      | Found a runed translucent gate.
  6198 | D:8      | Found a runed translucent gate.
  6198 | D:8      | Found an opulent altar of Gozag.
  6320 | D:8      | Found a runed translucent gate.
  6321 | D:8      | Noticed MrElk's ghost (novice DrAE)
  6621 | D:8      | Reached XP level 10. HP: 50/51 MP: 9/11
  6767 | D:9      | Reached *** piety under Cheibriados
  6942 | D:9      | HP: 1/51 [orc warrior/+0 glaive (4)]
  6944 | D:9      | Mangled by an orc warrior

Illustrated notes

Levels and vault maps discovered:
D:1:      dpeg_arrival_signposts, layout_loops_ring
D:2:      layout_basic, minivault_23
D:3:      layout_loops_cross, cheibriados_altar_1, minmay_strange_pillars,
          lemuel_statue_altar, uniq_natasha, uniq_jessica, uniq_grinder
D:4:      minmay_skewed_foursquare, layout_loops_corners,
          nicolae_ru_path_of_blood, nicolae_overflow_hidden_temple,
          minmay_temple_entry_waves, minmay_manual_monstrance, uniq_sigmund
D:5:      layout_rooms, grunt_temple_overflow_diamond, minitemple,
          uniq_crazy_yiuf_cottage
D:6:      layout_basic, grunt_temple_overflow_order_and_chaos_1,
          cheibrodos_ashenzari_chains, hellmonk_ghost_happy_afterlife
D:7:      layout_basic
D:8:      layout_gridville, ebering_ghost_gozag, uniq_pikel
D:9:      layout_basic
Temple:   minmay_temple_curvy_loop

Skill      XL: |  1  2  3  4  5  6  7  8  9 |
---------------+----------------------------+-----
Short Blades   | 2 3 4 5 7 8 9 |  9.6
Fighting       | 3 4 5 |  5.0
Armour         | 5 7 |  7.9
Shields        | |  2.6

Action                   |  1- 3 |  4- 6 |  7- 9 | 10-12 || total
-------------------------+-------+-------+-------+-------++-------
Melee: Rapier            |    45 |       |       |       ||    45
       Bite              |    13 |    28 |   126 |    19 ||   186
       Short sword       |    25 |   114 |   222 |       ||   361
       Dagger            |       |       |   112 |    40 ||   152
Evoke: Wand              |       |       |       |     7 ||     7
  Use: Scroll            |       |       |     7 |       ||     7
Armor: Scale mail        |    31 |    35 |     3 |       ||    69
       Chain mail        |       |       |    95 |       ||    95
       Plate armour      |       |       |     5 |    19 ||    24
Dodge: Dodged            |    25 |    34 |    68 |     8 ||   135

Table legend: (Time is in decaauts)
 A = Elapsed time spent in this place.
 B = Non-inter-level travel time spent in this place.
 C = Inter-level travel time spent in this place.
 D = Time resting spent in this place.
 E = Time spent auto-exploring this place.
 F = Levels seen in this place.
 G = Mean time per level.
                   A        B        C        D        E       F      G
               +--------+--------+--------+--------+--------+-----+--------+
         Total |   7882 |   7327 |    555 |    279 |   5811 |  10 |  788.2 |
       Dungeon |   7668 |   7136 |    532 |    279 |   5620 |   9 |  852.0 |
        Temple |    214 |    191 |     23 |      0 |    190 |   1 |  214.0 |
               +--------+--------+--------+--------+--------+-----+--------+

Top non-repeatable levels by time:
     D:4: 1305 daAuts
     D:8: 1143 daAuts
     D:1: 1075 daAuts
     D:5: 949 daAuts
     D:3: 854 daAuts
     D:7: 812 daAuts
     D:2: 672 daAuts
     D:6: 616 daAuts
     D:9: 239 daAuts
  Temple: 214 daAuts
